 Dungeon Crawl Stone Soup version 0.32-a0-683-ge26c5dbc97 (webtiles) character file.

Game seed: 40475319143890640

105 Revguard the Cutter (level 4, -1/35 HPs)
             Began as a Demonspawn Gladiator on Mar 12, 2024.
             Slain by a gnoll
             ... wielding a +0 flail
              (7 damage)
             ... on level 2 of the Dungeon.
             The game lasted 00:03:41 (1551 turns).

Revguard the Cutter (Demonspawn Gladiator)          Turns: 1551, Time: 00:03:42

Health: -1/35      AC:  6    Str: 14    XL:     4   Next: 53%
Magic:  4/4        EV: 12    Int:  8    God:
Gold:   137        SH:  0    Dex: 17    Spells: 3/3 levels left

rFire   . . .        a - +0 rapier
rCold   . . .        (no shield)
rNeg    . . .        b - +0 leather armour
rPois   .            c - +0 helmet
rElec   .            (no cloak)
rCorr   .            (no gloves)
SInv    .            (no boots)
Will    .....        (no amulet)
Stlth   ++           (no ring)
HPRegen 0.25/turn    (no ring)
MPRegen 0.09/turn

%: no passive effects
@: no status effects
A: rugged brown scales 2
a: no special abilities


You were on level 2 of the Dungeon.
You visited 1 branch of the dungeon, and saw 2 of its levels.

You collected 137 gold pieces.

Inventory:

Hand Weapons
 a - a +0 rapier (weapon)
Missiles
 e - a javelin
Armour
 b - a +0 leather armour (worn)
 c - a +0 helmet (worn)
Jewellery
 g - a ring of positive energy
Scrolls
 d - a scroll of teleportation {unknown}
 f - a scroll of vulnerability {unknown}
 h - a scroll of identify {unknown}


   Skills:
 + Level 2.5 Fighting
 + Level 3.2 Short Blades
 - Level 1.7 Throwing
 + Level 1.0 Armour
 + Level 3.0 Dodging
 * Level 2.1 Stealth
 + Level 1.1 Evocations


You had 3 spell levels left.
You didn't know any spells.
Your spell library was empty.

Dungeon Overview and Level Annotations

Branches:
Dungeon (2/15)

Altars:

Shops:
D:1 *


Innate Abilities, Weirdness & Mutations

You are mostly covered in rugged brown scales. (AC +2, +5% HP)


Message History

You struggle to detach yourself from the web.
The gnoll barely misses you. The ribbon worm closely misses you.
You struggle to detach yourself from the web.
The gnoll barely misses you. The ribbon worm barely misses you.
The web tears apart.
The gnoll completely misses you.
The ribbon worm expels a string of sticky webbing.
The stream of webbing hits you but does no damage.
You are caught in a web!
The web tears apart.
The gnoll closely misses you.
You barely miss the ribbon worm. The ribbon worm bites you.
The gnoll hits you with a +0 flail.
You hit the ribbon worm.
The ribbon worm is lightly wounded.
The gnoll misses you. The gnoll barely misses you. The ribbon worm bites you.
Okay, then.
You aren't carrying any potions.
You hit the ribbon worm.
The ribbon worm is lightly wounded.
The gnoll barely misses you. The gnoll hits you with a +0 flail.
The ribbon worm expels a string of sticky webbing.
The stream of webbing hits you but does no damage.
You are caught in a web!
The web tears apart.
The gnoll misses you. The gnoll closely misses you. The ribbon worm bites you.
You puncture the ribbon worm!
The ribbon worm is heavily wounded.
The gnoll closely misses you.
The gnoll hits you from afar with a +0 spear.
You hit the ribbon worm.
The ribbon worm is severely wounded.
The gnoll barely misses you. The gnoll hits you with a +0 flail.
* * * LOW HITPOINT WARNING * * *
The ribbon worm bites you but does no damage.
Unknown command.
You hit the ribbon worm.
The ribbon worm is almost dead.
The gnoll hits you from afar with a +0 spear.
* * * LOW HITPOINT WARNING * * *
The gnoll hits you with a +0 flail!
You die...

####.##.# #.##.#
#.##.######
#.##......#
#.##.####.# ##.##.#
#.# #..##.# #.#
#.###.# #.###########
#.# #.# #..gg@w.....#
#.#
#.......########....≈
#.# ######... #.. #.#
#..## #.# #.g# ###.#
#S.# ....# .... .####
#gg# ##


You could see a ribbon worm (catching breath) and 2 gnolls.

Vanquished Creatures
  5 gnolls (D:2)
  2 adders (D:2)
  6 ball pythons
  A bat (D:1)
  2 endoplasms (D:1)
  A giant cockroach (D:1)
  3 goblins (D:1)
  7 hobgoblins
  4 jackals (D:1)
  2 quokkas (D:1)
  A frilled lizard (D:1)
  2 kobolds
  2 rats (D:2)
38 creatures vanquished.

Notes
Turn   | Place    | Note
-------+----------+-------------------------------------------
     0 | D:1      | Revguard the Demonspawn Gladiator began the quest for the
                  | Orb.
     0 | D:1      | Reached XP level 1. HP: 16/16 MP: 1/1
    33 | D:1      | Found Toymih's General Store.
   220 | D:1      | Gained mutation: You are partially covered in rugged brown
                  | scales. (AC +1, +3% HP) [demonic ancestry]
   220 | D:1      | Reached XP level 2. HP: 14/22 MP: 2/2
   747 | D:1      | Found a faded altar of an unknown god.
   753 | D:1      | Reached skill level 1 in Stealth
  1017 | D:2      | Reached XP level 3. HP: 27/27 MP: 3/3
  1110 | D:2      | Reached skill level 1 in Evocations
  1110 | D:2      | Gained mutation: You are mostly covered in rugged brown
                  | scales. (AC +2, +5% HP) [demonic ancestry]
  1110 | D:2      | Reached XP level 4. HP: 11/35 MP: 4/4
  1118 | D:2      | Reached skill level 1 in Armour
  1551 | D:2      | Slain by a gnoll

Illustrated notes

Levels and vault maps discovered:
D:1:      lightli_arrival_windingriver, layout_basic,
          hellmonk_ecumenical_altar_dog_temple, serial_shops,
          nicolae_shop_waterfront, serial_rivers,
          chequers_serial_rivers_micro_b, chequers_serial_rivers_room_a,
          chequers_serial_rivers_room_b, chequers_serial_rivers_small_b,
          chequers_serial_rivers_small_3
D:2:      layout_loops_ring, serial_shops, nicolae_diamond_shop

Skill      XL: |  1  2  3  4 |
---------------+-------------+-----
Stealth        | 1 2 |  2.1
Short Blades   | 3 |  3.2
Dodging        | 3 |  3.0
Evocations     | 1 |  1.1
Armour         | 1 |  1.0
Fighting       | |  2.5
Throwing       | |  1.7

Action                     |  1- 3 |  4- 6 || total
---------------------------+-------+-------++-------
  Melee: Rapier            |   122 |    42 ||   164
  Throw: Throwing net      |     4 |       ||     4
    Use: Potion            |     1 |       ||     1
   Stab: Sleeping          |     2 |       ||     2
 Armour: Leather armour    |    91 |    28 ||   119
  Dodge: Dodged            |    82 |    40 ||   122

Table legend: (Time is in decaauts)
 A = Elapsed time spent in this place.
 B = Non-inter-level travel time spent in this place.
 C = Inter-level travel time spent in this place.
 D = Time resting spent in this place.
 E = Time spent auto-exploring this place.
 F = Levels seen in this place.
 G = Mean time per level.
                   A        B        C        D        E       F      G
               +--------+--------+--------+--------+--------+-----+--------+
         Total |   1567 |   1550 |     17 |      0 |   1189 |   2 |  783.5 |
       Dungeon |   1567 |   1550 |     17 |      0 |   1189 |   2 |  783.5 |
               +--------+--------+--------+--------+--------+-----+--------+

Top non-repeatable levels by time:
     D:1: 997 daAuts
     D:2: 569 daAuts
